 Dungeon Crawl Stone Soup version 0.28.0-53-g5a82cb258f (webtiles) character file.

Game seed: 10717699011363868519

39313 nickcage the Gelid (level 13, -1/88 HPs)
             Began as a White Draconian Ice Elementalist on June 14, 2022.
             Was an Elder of Vehumet.
             Slain by a death yak (12 damage)
             ... on level 6 of the Lair of Beasts on June 21, 2022.
             The game lasted 02:13:39 (20759 turns).

nickcage the Gelid (DrIE)                          Turns: 20759, Time: 02:13:39

Health: -1/88      AC: 13    Str: 11    XL:     13   Next: 68%
Magic:  24/39      EV: 12    Int: 22    God:    Vehumet [****..]
Gold:   831        SH:  0    Dex: 13    Spells: 1/38 levels left

rFire   . . .      SeeInvis .   O - +3 rapier (drain)
rCold   + . .      Faith    .   (no shield)
rNeg    . . .      Spirit   .   (armour unavailable)
rPois   +          Reflect  .   C - +1 hat {Int+3}
rElec   .          Harm     .   o - +2 cloak
rCorr   .          Rampage  .   (no gloves)
Will    .....                   i - +0 pair of boots
Stlth   ++........              j - amulet of magic regeneration
HPRegen 0.24/turn               s - ring of magical power
MPRegen 0.66/turn               I - ring of poison resistance

@: on blink cooldown
A: breathe frost, AC +8, unfitting armour, cold resistance 1, cold-blooded
a: Breathe Frost, Renounce Religion


You were on level 6 of the Lair of Beasts.
You worshipped Vehumet.
Vehumet was greatly pleased with you.
You visited 3 branches of the dungeon, and saw 18 of its levels.

You collected 1125 gold pieces.
You spent 294 gold pieces at shops.

Inventory:

Hand Weapons
 a - the +5 halberd of Siuqiap {freeze, rN++ Dex+4}
   (You found it on level 5 of the Lair of Beasts)

   It freezes those it strikes, dealing additional cold damage.
   It can also slow down cold-blooded creatures.
   Dex:       It affects your dexterity (+4).
   rN:        It greatly protects you from negative energy.
 n - a +2 rapier
 O - a +3 rapier of draining (weapon)
Missiles
 d - 17 poisoned darts
Armour
 e - a +0 buckler
 i - a +0 pair of boots (worn)
 o - a +2 cloak (worn)
 C - a +1 hat of intelligence (worn)
Jewellery
 j - an amulet of magic regeneration (around neck)
 s - a ring of magical power (left hand)
 D - a ring of flight
 I - a ring of poison resistance (right hand)
 K - a +4 ring of evasion
Wands
 E - a wand of charming (10)
 F - a wand of mindburst (7)
 G - a wand of flame (13)
 N - a wand of iceblast (2)
Scrolls
 b - a scroll of fear
 k - a scroll of magic mapping
 q - 3 scrolls of fog
 r - 6 scrolls of teleportation
 u - a scroll of amnesia
 J - 2 scrolls of identify
Potions
 c - 2 potions of flight
 f - a potion of mutation
 h - a potion of magic
 l - 4 potions of heal wounds
 p - 2 potions of haste
 t - 4 potions of curing
 x - 2 potions of might
 A - a potion of brilliance
 B - 2 potions of invisibility
 M - a potion of berserk rage


   Skills:
 * Level 0.8 Fighting
 - Level 4.0 Short Blades
 - Level 1.7 Dodging
 - Level 1.7 Stealth
 + Level 13.3 Spellcasting
 - Level 7.0 Conjurations
 - Level 4.2 Translocations
 * Level 18.9 Ice Magic
 - Level 4.0 Air Magic
 - Level 4.0 Poison Magic


You had one spell level left.
You knew the following spells:

 Your Spells              Type           Power      Damage    Failure   Level
a - Freeze                Ice            100%       1d11      0%          1
b - Frozen Ramparts       Ice            100%       1d12      0%          3
c - Ozocubu's Armour      Ice            78%        N/A       0%          3
d - Magic Dart            Conj           100%       1d8       1%          1
e - Hailstorm             Conj/Ice       64%        3d14      1%          4
f - Mephitic Cloud        Conj/Pois/Air  36%        N/A       1%          3
g - Blink                 Tloc           66%        N/A       1%          2
h - Poisonous Vapours     Pois/Air       64%        N/A       1%          2
i - Airstrike             Air            16%        N/A       2%          4
j - Polar Vortex          Ice            39%        N/A       41%         9
k - Freezing Cloud        Conj/Ice/Air   27%        6-21      1%          5

Your spell library contained the following spells:

 Spells                   Type           Power      Damage    Failure   Level
 Flame Wave               Conj/Fire      30%        2d8       2%          4
 Lesser Beckoning         Tloc           33%        N/A       2%          3
 Call Imp                 Summ           14%        N/A       6%          2
 Simulacrum               Ice/Necr       27%        N/A       14%         6
 Manifold Assault         Tloc           33%        N/A       22%         5


Dungeon Overview and Level Annotations

Branches:
Dungeon (11/15)            Temple (1/1) D:6            Lair (6/6) D:8
 Shoals (0/4) Lair:4       Spider (0/4) Lair:4        Slime (0/5) Lair:5
    Orc (0/2) D:9

Altars:
Ashenzari
Cheibriados
Dithmenos
Hepliaklqana
Kikubaaqudgha
Makhleb
Vehumet
Zin
The Shining One
Beogh
Jiyva

Shops:
D:8 [   D:9 (=


Innate Abilities, Weirdness & Mutations

You can breathe waves of freezing cold which knock back foes.
Your icy white scales are hard. (AC +8)
You cannot fit into any form of body armour.
Your flesh is cold resistant. (rC+)
You are cold-blooded and may be slowed by cold attacks.


Message History

The wind drake is severely wounded.
The hail pelts the komodo dragon!!
The komodo dragon is heavily wounded.
The hail pelts the plant!!
The plant is lightly damaged.
A nearby plant withers and dies.
The wall freezes the death yak!
The death yak gores you.
The death yak gores the death yak.
The wall freezes the wind drake.
The wind drake flaps its wings at you. The air twists around and strikes you!
The komodo dragon hisses menacingly.
The death yak is engulfed in noxious fumes.
The wall freezes the death yak.
The death yak gores you.
* * * LOW HITPOINT WARNING * * *
Casting: Hailstorm (safe; 1% risk of failure)
Confirm with . or Enter, or press ? or * to list all spells.
Casting: Hailstorm (safe; 1% risk of failure)
Press: ? - help, Dir - look around, f - activate A cannonade of hail descends around you!
The hail pelts the death yak!
The death yak is almost dead.
The hail pelts the wind drake!!
You kill the wind drake!
Vehumet accepts your kill.
You feel your power returning.
The hail pelts the komodo dragon!
The komodo dragon is severely wounded.
The wall freezes the death yak.
The death yak gores you.
* * * LOW HITPOINT WARNING * * *
The death yak gores the death yak.
The death yak is engulfed in noxious fumes.
The wall freezes the death yak.
The death yak gores you!
* * * LOW HITPOINT WARNING * * *
Casting: Hailstorm (safe; 1% risk of failure)
Confirm with . or Enter, or press ? or * to list all spells.
Your icy armour and frozen ramparts will break if you move.
Continue?
You blink.
Your icy armour cracks and falls away as you move.
The frozen ramparts melt away as you move.
The death yak gores you!
You die...

...........
##............
#....P.........##
###.#....P.......P#.
...P.............#.
#.P.#............#
#P................
###°..............P.
#○Y@.#P..........PP.
##YY##k..#.........P
##.†l.##...#P......P.
#.....##.............
##....................
#......<†.............
#......................
####..#..##......###...
#P.....#.......#...##


You could see 3 death yaks and a komodo dragon.

Vanquished Creatures
  Gastronok (D:10)
  Kirke (Lair:5)
  Snorg (D:11)
  4 hydras
  A catoblepas (Lair:4)
  2 two-headed ogres
  6 death yaks
  2 lindwurms
  A manticore (Lair:4)
  A black mamba (Lair:2)
  3 elephants (Lair:3)
  9 cane toads
  3 rime drakes
  9 komodo dragons
  A troll (D:10)
  2 polar bears (Lair:1)
  2 wind drakes
  A tarantella (Lair:3)
  23 blink frogs
  A shadow (D:8)
  5 basilisks
  26 yaks
  A wraith (D:10)
  6 hogs (Lair:5)
  4 wyverns
  2 steam dragons
  15 water moccasins
  4 orc warriors
  2 sky beasts
  An ice beast (D:6)
  4 black bears
  A necrophage (D:7)
  2 ogres
  32 wolves
  3 centaurs
  A phantom (D:5)
  8 bullfrogs
  4 scorpions
  A water moccasin skeleton (D:4)
  8 killer bees
  3 wights (D:8)
  7 electric eels
  7 howler monkeys
  3 centaur zombies
  3 jellies
  7 orc priests
  3 hounds
  A bullfrog skeleton (D:4)
  3 iguanas
  A scorpion zombie (D:5)
  5 hell rats (Lair:5)
  4 orc wizards
  2 killer bee zombies
  A howler monkey zombie (D:10)
  A howler monkey skeleton (D:4)
  6 gnolls
  6 adders
  2 white imps
  2 ufetubi
  2 worms
  An adder skeleton (D:4)
  2 dart slugs
  15 orcs
  7 ball pythons
  7 bats
  3 endoplasms
  A giant cockroach (D:1)
  2 goblins
  6 hobgoblins
  5 kobolds
  2 quokkas
  2 frilled lizards (D:2)
  7 rats
333 creatures vanquished.

Vanquished Creatures (others)
  A bush (Lair:5)
  55 fungi
  84 plants
140 creatures vanquished.

Grand Total: 473 creatures vanquished

Notes
Turn   | Place    | Note
-------+----------+-------------------------------------------
     0 | D:1      | nickcage the Draconian Ice Elementalist began the quest for
                  | the Orb.
     0 | D:1      | Reached XP level 1. HP: 14/14 MP: 3/3
   346 | D:1      | Reached XP level 2. HP: 15/20 MP: 0/5
   969 | D:2      | Reached skill level 5 in Ice Magic
   969 | D:2      | Reached XP level 3. HP: 26/26 MP: 0/6
   976 | D:2      | Learned a level 3 spell: Frozen Ramparts
  1119 | D:2      | Found a faded altar of an unknown god.
  1267 | D:2      | Found a burning altar of Makhleb.
  1621 | D:3      | Noticed an ogre
  1629 | D:3      | Killed an ogre
  1630 | D:3      | Reached skill level 6 in Ice Magic
  1630 | D:3      | Reached XP level 4. HP: 17/33 MP: 3/7
  1634 | D:3      | Learned a level 3 spell: Ozocubu's Armour
  1972 | D:3      | Reached XP level 5. HP: 31/38 MP: 6/8
  2584 | D:4      | Reached skill level 7 in Ice Magic
  2692 | D:4      | Noticed a phantom
  3261 | D:4      | Reached XP level 6. HP: 30/45 MP: 9/9
  3672 | D:4      | Learned a level 1 spell: Magic Dart
  3979 | D:5      | Entered Level 5 of the Dungeon
  4089 | D:5      | Reached skill level 1 in Conjurations
  4089 | D:5      | Reached skill level 8 in Ice Magic
  4089 | D:5      | Your scales start taking on an icy white colour.
  4089 | D:5      | Reached skill level 9 in Ice Magic
  4089 | D:5      | Reached XP level 7. HP: 12/50 MP: 2/11
  4089 | D:5      | Gained mutation: Your flesh is cold resistant. (rC+) [White
                  | Draconian growth]
  4621 | D:5      | Found a glowing silver altar of Zin.
  4698 | D:5      | Reached skill level 1 in Short Blades
  4720 | D:5      | Reached skill level 10 in Ice Magic
  4993 | D:6      | Reached XP level 8. HP: 57/57 MP: 11/14
  5383 | D:6      | Reached skill level 5 in Spellcasting
  5443 | D:6      | Learned a level 4 spell: Hailstorm
  5447 | D:6      | Learned a level 3 spell: Mephitic Cloud
  6051 | D:6      | Found a staircase to the Ecumenical Temple.
  6060 | Temple   | Entered the Ecumenical Temple
  6108 | Temple   | Became a worshipper of Vehumet
  6653 | D:7      | Reached XP level 9. HP: 62/62 MP: 10/18
  7224 | D:7      | Learned a level 2 spell: Blink
  8211 | D:8      | Reached skill level 11 in Ice Magic
  8371 | D:8      | Reached skill level 5 in Conjurations
  8371 | D:8      | Reached skill level 1 in Translocations
  8659 | D:8      | Found Piucwir's Armour Shoppe.
  8668 | D:8      | Bought a +0 pair of boots for 54 gold pieces
  8696 | D:8      | Reached skill level 1 in Air Magic
  8696 | D:8      | Reached skill level 1 in Poison Magic
  8818 | D:8      | Reached * piety under Vehumet
  8818 | D:8      | Offered knowledge of Sandblast by Vehumet.
  9012 | D:8      | Found a staircase to the Lair.
  9019 | D:8      | Noticed a two-headed ogre
  9092 | D:8      | Killed a two-headed ogre
  9093 | D:8      | Reached XP level 10. HP: 64/69 MP: 13/21
  9259 | D:9      | Found Yhyotz's Jewellery Shoppe.
  9263 | D:9      | Bought a ring of magical power for 240 gold pieces
  9338 | D:9      | Found a staircase to the Orcish Mines.
  9935 | D:9      | Noticed a two-headed ogre
  9944 | D:9      | Killed a two-headed ogre
  9945 | D:9      | Reached skill level 12 in Ice Magic
 10036 | D:9      | Found Xupp's Antique Weapon Boutique.
 10231 | D:9      | Noticed an eight-headed hydra
 10245 | D:9      | Killed an eight-headed hydra
 10636 | D:10     | Entered Level 10 of the Dungeon
 10867 | D:10     | Reached ** piety under Vehumet
 10867 | D:10     | Offered knowledge of Static Discharge by Vehumet.
 10868 | D:10     | Reached skill level 13 in Ice Magic
 10991 | D:10     | Reached XP level 11. HP: 62/74 MP: 24/24
 11077 | D:10     | Noticed Gastronok
 11104 | D:10     | Killed Gastronok
 11430 | D:10     | Reached skill level 10 in Spellcasting
 12482 | D:11     | Noticed Snorg
 12501 | D:11     | Killed Snorg
 13311 | Lair:1   | Entered Level 1 of the Lair of Beasts
 13604 | Lair:1   | Reached skill level 14 in Ice Magic
 13888 | Lair:1   | Noticed an eight-headed hydra
 13906 | Lair:1   | Killed an eight-headed hydra
 14149 | Lair:1   | HP: 3/74 [polar bear (21)]
 14606 | Lair:1   | Offered knowledge of Poisonous Vapours by Vehumet.
 14610 | Lair:1   | Learned a level 2 spell: Poisonous Vapours
 15424 | Lair:2   | Noticed a six-headed hydra
 15436 | Lair:2   | Killed a six-headed hydra
 15437 | Lair:2   | Reached skill level 15 in Ice Magic
 15437 | Lair:2   | Reached XP level 12. HP: 81/81 MP: 27/27
 15775 | Lair:2   | Noticed a death yak
 15775 | Lair:2   | Noticed a death yak
 15800 | Lair:2   | Killed a death yak
 15973 | Lair:2   | Noticed a death yak
 15992 | Lair:2   | Killed a death yak
 16058 | Lair:2   | Noticed a death yak
 16059 | Lair:2   | Noticed a death yak
 16068 | Lair:2   | Killed a death yak
 16069 | Lair:2   | Killed a death yak
 16073 | Lair:2   | Killed a death yak
 16074 | Lair:2   | Reached skill level 16 in Ice Magic
 16266 | Lair:2   | Reached *** piety under Vehumet
 16928 | Lair:3   | Identified a scroll of acquirement
 16928 | Lair:3   | Acquired a +2 rapier of draining
 16987 | Lair:3   | Offered knowledge of Airstrike by Vehumet.
 16989 | Lair:3   | Reached skill level 17 in Ice Magic
 17302 | Lair:3   | Learned a level 4 spell: Airstrike
 17610 | Lair:3   | Learned a level 9 spell: Polar Vortex
 17707 | Lair:3   | Reached XP level 13. HP: 86/86 MP: 29/29
 18086 | Lair:4   | Reached **** piety under Vehumet
 18094 | Lair:4   | Offered knowledge of Flame Wave by Vehumet.
 18495 | Lair:4   | Reached skill level 18 in Ice Magic
 18715 | Lair:4   | Found a staircase to the Shoals.
 18741 | Lair:4   | Found a hole to the Spider Nest.
 19797 | Lair:5   | Noticed Kirke
 19835 | Lair:5   | Killed Kirke
 20155 | Lair:5   | Identified the +5 halberd of Siuqiap {freeze, rN++ Dex+4}
 20251 | Lair:5   | Found a viscous altar of Jiyva.
 20251 | Lair:5   | Found a staircase to the Slime Pits.
 20523 | Lair:5   | Learned a level 5 spell: Freezing Cloud
 20553 | Lair:6   | Entered Level 6 of the Lair of Beasts
 20759 | Lair:6   | Slain by a death yak

Illustrated notes

Levels and vault maps discovered:
D:1:      lightli_arrival_windingriver, layout_rooms
D:2:      layout_basic, basic_altar, ebering_ecumenical_altar_sacrificial,
          minmay_tetromino_t2
D:3:      layout_loops_cross, minmay_close_crescents
D:4:      layout_loops_cross
D:5:      layout_rooms, mainiacjoe_overflow_chevrons, grunt_decor_one_mirror,
          grunt_ministairs_8
D:6:      hellmonk_destroyed_diamonds, layout_basic, lemuel_temple_firewalk_b
D:7:      minmay_skewed_foursquare, layout_basic, minivault_4,
          hangedman_decor_slide_cut
D:8:      layout_loops_cross, due_lair_maze_entry_diamond, serial_shops, shop
D:9:      layout_loops_ring, minmay_orc_entry_temple_large, serial_shops,
          nicolae_shop_hallway_stairs, nicolae_shop_waterfront,
          water_boxes_lemuel
D:10:     layout_loops_corners, uniq_gastronok
D:11:     layout_basic, uniq_snorg
Temple:   mainiacjoe_temple_circle_huts
Lair:1:   statuecave_lemuel, layout_gridlike, eino_small_chamber_without_monster
Lair:2:   layout_loops_ring, serial_bayou_pond_c, grunt_megastairs_2
Lair:3:   layout_regular_city, minmay_holes, serial_bayou_shore_a,
          lemuel_fruit_tree
Lair:4:   layout_small_grid, minmay_shoals_entry_beasts,
          spider_nest_entry_rubble, portal_ice_cave_rime,
          grunt_forest_large_clearings
Lair:5:   layout_cellular_growth, dpeg_slime_entry_enclosed_altar, uniq_kirke
Lair:6:   gammafunk_lair_ancient_temple, layout_gridlike

Skill      XL: |  1  2  3  4  5  6  7  8  9 10 11 12 13 |
---------------+----------------------------------------+-----
Ice Magic      | 5 6 7 9 10 11 13 15 17 18 | 18.9
Conjurations   | 1 3 4 5 7 |  7.0
Spellcasting   | 4 6 7 9 11 12 13 | 13.3
Short Blades   | 1 3 4 |  4.0
Translocations | 3 4 |  4.2
Air Magic      | 3 4 |  4.0
Poison Magic   | 3 4 |  4.0
Fighting       | |  0.8
Dodging        | |  1.7
Stealth        | |  1.7

Action                   |  1- 3 |  4- 6 |  7- 9 | 10-12 | 13-15 || total
-------------------------+-------+-------+-------+-------+-------++-------
Melee: Unarmed           |     5 |       |       |       |     2 ||     7
       Tailslap          |     3 |    10 |    21 |     8 |     2 ||    44
       Short sword       |     9 |       |       |       |       ||     9
       Dagger            |     2 |       |       |       |       ||     2
       Flail             |     1 |       |       |       |       ||     1
       Rapier            |       |    97 |    95 |    60 |    11 ||   263
       Punch             |       |     1 |     2 |       |       ||     3
Throw: Dart              |     3 |     2 |       |       |       ||     5
 Cast: Freeze            |    47 |    17 |    55 |   190 |    85 ||   394
       Frozen Ramparts   |     1 |     4 |    31 |    57 |    26 ||   119
       Ozocubu's Armour  |       |     5 |    33 |    58 |    30 ||   126
       Magic Dart        |       |    28 |   113 |   212 |    50 ||   403
       Hailstorm         |       |       |     2 |    53 |    38 ||    93
       Blink             |       |       |     1 |       |     1 ||     2
       Mephitic Cloud    |       |       |       |     1 |     6 ||     7
       Airstrike         |       |       |       |     1 |    12 ||    13
       Poisonous Vapours |       |       |       |       |     2 ||     2
 Abil: Breathe Frost     |       |       |     5 |    10 |     3 ||    18
  Use: Scroll            |       |     7 |    12 |     6 |     4 ||    29
       Potion            |       |       |       |     1 |     3 ||     4
 Stab: Sleeping          |     2 |     8 |     1 |       |       ||    11
       Confused          |       |       |       |     1 |       ||     1
Armor: Skin              |    12 |    46 |    93 |   137 |    79 ||   367
Dodge: Dodged            |    29 |    99 |   104 |   144 |    70 ||   446
